 Dungeon Crawl Stone Soup version 0.17.1-3-g152610e (webtiles) character file.

198 Gargoyl the Skirmisher (level 5, -14/42 HPs)
             Began as a Demonspawn Abyssal Knight on Mar 23, 2016.
             Was a Priest of Lugonu.
             Killed by divine providence
             ... invoked by an orc priest
              (17 damage)
             ... on level 4 of the Dungeon.
             The game lasted 00:05:48 (2531 turns).

Gargoyl the Skirmisher (Demonspawn Abyssal Knight)  Turns: 2531, Time: 00:05:49

Health: -14/42     AC:  4    Str: 13      XL:     5   Next: 47%
Magic:  7/7        EV: 12    Int: 13      God:    Lugonu [***...]
Gold:   128        SH:  0    Dex:  9 (13) Spells: 0 memorised, 4 levels left

rFire  . . .     SeeInvis .     a - +1 hand axe
rCold  . . .     Clarity  .     b - +0 leather armour
rNeg   . . .     SustAt   .     (no shield)
rPois  .         Gourm    .     (helmet restricted)
rElec  .         Spirit   .     (no cloak)
rCorr  .         Warding  .     (no gloves)
rMut   .         Stasis   .     (no boots)
MR     .....                    (no amulet)
Stlth  +.........               (no ring)
                                (no ring)

@: not resistant to hostile enchantments, very unstealthy
A: antennae 1, icy blue scales 1, powered by death 1
a: Depart the Abyss, Bend Space, Banish, Renounce Religion


You were on level 4 of the Dungeon.
You worshipped Lugonu.
Lugonu was most pleased with you.
You were not hungry.

You visited 1 branch of the dungeon, and saw 4 of its levels.
You visited the Abyss 1 time.

You collected 128 gold pieces.

Inventory:

Hand Weapons
 a - a +1 hand axe (weapon)
 j - a +0 flail
Missiles
 p - an exploding tomahawk (quivered)
Armour
 b - a +0 leather armour (worn)
Jewellery
 l - a +4 ring of dexterity {unknown}
Scrolls
 f - a scroll of remove curse {unknown}
 g - a scroll of noise {unknown}
 h - 7 scrolls of identify {unknown}
 o - a scroll of teleportation {unknown}
 r - a scroll of immolation {unknown}
 t - a scroll of enchant weapon {unknown}
Books
 m - a book of Enchantments

   Spells                             Type                      Level
   a - Cause Fear                     Hexes                        4
   b - Silence                        Hexes/Air                    5
   c - Deflect Missiles               Charms/Air                   6
   d - Haste                          Charms                       6
   e - Discord                        Hexes                        8
Comestibles
 c - a bread ration
 n - a meat ration
 s - a beef jerky


   Skills:
 + Level 4.1 Fighting
 + Level 2.4 Axes
 + Level 2.6 Armour
 + Level 3.0 Dodging
 + Level 0.2 Stealth
 + Level 2.9 Invocations


You had 4 spell levels left.
You didn't know any spells.

Dungeon Overview and Level Annotations

Branches:
Dungeon (4/15)
 Temple: D:4-7

Altars:
Cheibriados
Elyvilon
Kikubaaqudgha
Ru
Sif Muna


Innate Abilities, Weirdness & Mutations

You have a pair of small antennae on your head.
You are partially covered in icy blue scales (AC +1).
You regenerate a little health from kills.


Message History

Drink which item? (? for menu, Esc to quit)
You feel better. The orc priest closely misses you. The orc closely misses you.
Drink which item? (? for menu, Esc to quit)
You feel better. The orc priest hits you with a war axe.
The orc priest invokes the aid of Beogh against you.
Something smites you!
* * * LOW HITPOINT WARNING * * *
You hit the orc priest.
The orc priest is heavily wounded.
You barely miss the orc.
The orc is severely wounded.
The orc hits you with a flail!
* * * LOW HITPOINT WARNING * * *
You hit the orc priest but do no damage.
The orc priest is heavily wounded.
You hit the orc.
The orc is almost dead.
The orc priest calls down the wrath of Beogh upon you.
Something smites you!
You die...

## ##.# #...# ### ## #..##
###.# #.# ..
#...######o..##..# ...
#........@oo.#..# ...##
##....######...#
....####...### #...#
.......#.....### #...o.#
#..............##........
........##..............(.
........####................
.......#####................
.............##.............


You could see 2 orc priests and an orc.

Vanquished Creatures
  A big kobold (D:4)
  Jessica (D:2)
  2 adders
  An ooze (D:3)
  2 worms (D:2)
  2 orcs (D:3)
  4 bats
  8 goblins
  7 hobgoblins
  5 quokkas
  5 giant cockroaches
  6 giant newts
  26 kobolds
  12 rats
  A plant (D:4)
83 creatures vanquished.

Vanquished Creatures (others)
  2 hobgoblins (D:1)
2 creatures vanquished.

Grand Total: 85 creatures vanquished

Notes
Turn   | Place    | Note
--------------------------------------------------------------
     0 | Abyss:1  | Gargoyl the Demonspawn Abyssal Knight began the quest for the Orb.
     0 | Abyss:1  | Reached XP level 1. HP: 18/18 MP: 2/2
    69 | Abyss:1  | Noticed a raiju
   102 | Abyss:1  | Noticed a hungry ghost
   111 | Abyss:1  | Noticed a starcursed mass
   117 | D:1      | Escaped the Abyss
   223 | D:1      | Reached skill level 1 in Dodging
   418 | D:1      | Gained mutation: You are partially covered in icy blue scales (AC +1). [demonic ancestry]
   418 | D:1      | Reached XP level 2. HP: 24/24 MP: 3/3
   427 | D:1      | Reached * piety under Lugonu
   650 | D:2      | Noticed Jessica
   802 | D:2      | Killed Jessica
   802 | D:2      | Gained mutation: You have a pair of small antennae on your head. [demonic ancestry]
   802 | D:2      | Reached XP level 3. HP: 27/29 MP: 5/5
   944 | D:2      | Found a sacrificial altar of Ru.
  1157 | D:2      | Found an ancient bone altar of Kikubaaqudgha.
  1220 | D:2      | Reached ** piety under Lugonu
  1299 | D:2      | Gained mutation: You regenerate a little health from kills. [demonic ancestry]
  1299 | D:2      | Reached XP level 4. HP: 34/37 MP: 6/6
  1855 | D:3      | Found a deep blue altar of Sif Muna.
  2186 | D:3      | Found a snail-covered altar of Cheibriados.
  2195 | D:3      | Found a white marble altar of Elyvilon.
  2335 | D:4      | Reached skill level 4 in Fighting
  2382 | D:4      | Reached *** piety under Lugonu
  2384 | D:4      | Noticed a big kobold
  2442 | D:4      | Killed a big kobold
  2442 | D:4      | Reached XP level 5. HP: 35/42 MP: 7/7
  2525 | D:4      | HP: 1/42 [orc priest/divine providence (11)]
  2531 | D:4      | Killed from afar by an orc priest

Action                   |  1- 3 |  4- 6 || total
-------------------------+-------+-------++-------
Melee: Hand axe          |   106 |   158 ||   264
Invok: Depart the Abyss  |     1 |       ||     1
  Use: Potion            |       |     9 ||     9
 Stab: Sleeping          |       |     1 ||     1
  Eat: Chunk             |     1 |     1 ||     2
       Fruit             |       |     5 ||     5
